Map: Eternal Empire LE

Players

PtitDrogo - Winner!

  • Race: Protoss Protoss
  • League: Grandmaster
  • Spawn Location: 1:00

ShaDoWn

  • Race: Protoss Protoss
  • League: Master
  • Spawn Location: 7:00

Event: DreamHack SC2 Masters 2020 Summer Europe

VOD

Have the link to the VOD?

Description

Time

  • Played on: June 27, 2020, 12:59 p.m.
  • Length: 9:40

All games in this series

Show
View Real Time Build Order
Export as new Build Order

PtitDrogo Protoss - Winner!

Build Orders: Blink Stalkers 

Get SALT Encoding   

  12  0:00  Probe  
  13  0:12  Probe  
  14  0:17  Pylon  
  14  0:23  Probe  
  15  0:31  Probe  
  15  0:38  Gateway  
  15  0:39  Probe  
  16  0:46  Assimilator  
  17  0:51  Probe  
  17  0:54  Assimilator  
  18  0:59  Probe  
  19  1:07  Probe  
  19  1:09  Gateway  
  19  1:17  Probe  
  21  1:27  Cybernetics Core  
  21  1:29  Probe  
  22  1:34  Pylon  
  22  1:41  Probe  
  23  1:56  Probe  
  24  2:03  Adept x2, Warp Gate  
  28  2:16  Pylon  
  28  2:33  Sentry  
  28  2:34  Nexus  
  28  2:35  Sentry  
  31  2:38  Probe  
  32  2:45  Shield Battery  
  32  2:50  Probe  
  33  2:56  Pylon  
  33  3:01  Sentry  
  33  3:05  Sentry  
  37  3:06  Probe  
  38  3:15  Forge  
  38  3:18  Probe  
  39  3:26  Probe  
  40  3:34  Probe  
  40  3:36  Twilight Council  
  41  3:44  Probe x2  
  42  3:49  Protoss Ground Weapons Level 1  
  42  3:53  Probe  
  43  3:57  Stalker, Blink, Probe  
  47  4:04  Probe  
  47  4:09  Probe  
  49  4:12  Probe  
  49  4:13  Phoenix  
  48  4:17  Probe  
  48  4:20  Probe  
  49  4:25  Gateway, Probe  
  49  4:31  Probe  
  51  4:32  Stalker  
  51  4:35  Probe  
  51  4:37  Pylon  
  55  4:43  Probe  
  55  4:45  Assimilator  
  56  4:47  Probe  
  57  4:55  Stalker x2, Probe  
  57  4:58  Pylon  
  57  4:59  Probe  
  63  5:11  Nexus  
  63  5:13  Probe  
  63  5:14  Probe  
  65  5:19  Pylon  
  65  5:22  Stalker  
  65  5:23  Stalker  
  65  5:26  Stalker  
  71  5:32  Robotics Facility  
  73  5:48  Charge  
  71  5:54  Gateway  
  71  5:56  Shield Battery  
  71  5:57  Gateway, Pylon  
  71  5:59  Gateway  
  71  6:02  Stalker x2  
  75  6:06  Stalker  
  75  6:20  Observer  
  75  6:23  Probe  
  77  6:26  Stalker x2  
  77  6:27  Probe  
  77  6:28  Probe  
  77  6:31  Zealot  
  85  6:37  Gateway  
  83  6:40  Gateway  
  83  6:43  Warp Prism  
  81  6:50  Stalker x2  
  81  6:51  Zealot x2  
  81  6:53  Protoss Ground Weapons Level 2  
  91  6:56  Photon Cannon  
  91  7:00  Stalker  
  93  7:08  Photon Cannon x2  
  93  7:14  Stalker x2  
  97  7:20  Probe x2  
  100  7:26  Stalker  
  100  7:27  Stalker  
  100  7:29  Stalker  
  105  7:42  Zealot x2  
  109  7:44  Pylon  
  109  7:46  Pylon  
  109  7:53  Observer  
  106  8:00  Zealot  
  108  8:05  Zealot x5  
  108  8:06  Zealot x2  
  116  8:16  Probe x2  
  116  8:17  Assimilator  
  116  8:19  Assimilator  
  118  8:20  Pylon x2  
  118  8:25  Pylon  
  118  8:26  Assimilator  
  118  8:27  Zealot x3  
  118  8:31  Templar Archives  
  124  8:39  Zealot x2  
  124  8:40  Zealot  
  130  8:44  Zealot x2  
  134  8:56  Pylon  
  134  9:02  Zealot x6  
  146  9:08  Stalker  
Show
View Real Time Build Order
Export as new Build Order

ShaDoWn Protoss 

Build Orders: Zealot Archon 

Get SALT Encoding   

  12  0:00  Probe  
  13  0:12  Probe  
  14  0:17  Pylon  
  14  0:24  Probe  
  15  0:32  Probe  
  15  0:36  Gateway  
  15  0:40  Probe  
  16  0:46  Assimilator  
  17  0:51  Probe  
  17  0:54  Assimilator  
  18  0:59  Probe  
  19  1:07  Gateway, Probe  
  19  1:17  Probe  
  20  1:22  Cybernetics Core  
  21  1:29  Probe  
  22  1:35  Pylon  
  22  1:41  Probe  
  23  1:53  Probe  
  24  1:58  Stalker  
  24  1:59  Stalker, Warp Gate  
  28  2:12  Pylon  
  28  2:20  Probe  
  29  2:29  Sentry  
  31  2:31  Sentry  
  33  2:40  Nexus  
  33  2:43  Probe  
  34  2:55  Probe  
  34  2:56  Sentry  
  37  2:59  Shield Battery  
  37  3:07  Probe  
  37  3:08  Shield Battery  
  38  3:19  Probe  
  39  3:30  Shield Battery  
  39  3:32  Twilight Council  
  39  3:33  Pylon  
  39  3:36  Forge  
  39  3:43  Shield Battery  
  39  3:48  Probe x2  
  41  3:56  Stalker, Probe x2  
  41  3:57  Shield Battery  
  44  4:05  Protoss Ground Weapons Level 1  
  44  4:06  Probe x2  
  46  4:15  Probe  
  46  4:18  Probe  
  46  4:23  Probe  
  48  4:30  Probe  
  50  4:34  Probe  
  50  4:36  Assimilator x2  
  50  4:38  Charge  
  51  4:41  Gateway  
  51  4:42  Probe  
  52  4:46  Probe  
  53  4:55  Probe x2  
  53  4:58  Gateway  
  53  4:59  Gateway  
  55  5:03  Probe  
  56  5:07  Probe  
  56  5:12  Nexus, Probe  
  59  5:21  Pylon  
  59  5:25  Robotics Facility  
  58  5:31  Gateway  
  58  5:33  Gateway  
  58  5:38  Templar Archives  
  58  5:46  Gateway  
  58  5:47  Probe x2  
  60  5:56  Stalker  
  62  5:59  Pylon  
  62  6:06  Stalker x2  
  62  6:11  Warp Prism  
  62  6:12  Stalker  
  62  6:18  Pylon  
  58  6:22  Stalker  
  61  6:34  Stalker  
  59  6:40  Stalker x2  
  59  6:48  Immortal  
  59  6:53  High Templar x4  
  65  6:54  Zealot  
  65  6:57  Archon x2  
  68  7:06  Zealot x3  
  72  7:28  Pylon  
  72  7:32  Probe  
  72  7:36  Dark Shrine  
  72  7:37  Probe  
  74  7:43  Nexus  
  74  7:44  Probe  
  74  7:45  Pylon  
  69  7:59  Zealot x7  
  69  8:02  Zealot  
  81  8:10  Probe  
  81  8:11  Probe  
  69  8:19  Photon Cannon, Shield Battery  
  65  8:20  High Templar x2  
  65  8:22  High Templar  
  65  8:23  High Templar, Probe  
  74  8:27  Archon  
  74  8:28  Archon  
  74  8:29  Probe  
  75  8:37  Probe  
  75  8:39  High Templar  
  75  8:40  High Templar, Zealot  
  82  8:42  Probe  
  82  8:44  Archon  
  83  8:49  Dark Templar  
  83  8:55  Zealot x3  
  89  9:00  Shield Battery  
  89  9:01  Zealot  
  91  9:05  Zealot  
  93  9:11  Probe x2  
  93  9:15  Shield Battery  
  95  9:19  Dark Templar x2  
  95  9:21  Zealot  
  88  9:29  Zealot x3  
Tags
 
Add a new tag
Caveats
  • Supply blocks, unpowered buildings, or Contaminate may cause inaccurate times.
  • Supply counts are checked every 10 seconds.